 Dungeon Crawl Stone Soup version 0.27.0-1-g7a089689b8 (webtiles) character file.

Game seed: 14928338885289709944

19 sanka the Conjurer (level 2, -2/20 HPs)
             Began as a Ghoul Conjurer on Aug 8, 2021.
             Slain by Sigmund (6 damage)
             ... on level 2 of the Dungeon.
             The game lasted 00:01:20 (1267 turns).

sanka the Conjurer (Ghoul Conjurer)                 Turns: 1267, Time: 00:01:20

Health: -2/20      AC:  2    Str: 10    XL:     2   Next: 75%
Magic:  4/4        EV: 11    Int: 13    God:
Gold:   14         SH:  0    Dex:  7    Spells: 2/5 levels left

rFire    . . .     SeeInvis .   (no weapon)
rCold    + . .     Faith    .   (no shield)
rNeg     + + +     Spirit   .   a - +0 robe
rPois    ∞         Reflect  .   (no helmet)
rElec    .         Harm     .   (no cloak)
rCorr    .         Rampage  .   (no gloves)
Will     .....                  (no boots)
Stlth    +.........             (no amulet)
HPRegen  0.00/turn              (no ring)
MPRegen  0.09/turn              (no ring)

@: confused, inhibited regen
A: claws 1, cold resistance 1, negative energy resistance 3, inhibited
regeneration, torment resistance 2
a: no special abilities


You were on level 2 of the Dungeon.
You visited 1 branch of the dungeon, and saw 2 of its levels.

You collected 14 gold pieces.


Innate Abilities, Weirdness & Mutations

You thrive by killing the living.
You are immune to poison.
You have sharp fingernails.
Your flesh is cold resistant. (rC+)
You are immune to negative energy. (rN+++)
You do not regenerate when monsters are visible.
You are immune to unholy pain and torment.


   Skills:
 - Level 1.7 Dodging
 - Level 2.1 Stealth
 - Level 2.0 Spellcasting
 + Level 3.8 Conjurations


You had 2 spell levels left.
You knew the following spells:

 Your Spells              Type           Power      Damage    Failure   Level
x - Searing Ray           Conj           22%        3d3       8%          2
z - Magic Dart            Conj           44%        1d5       5%          1

Your spell library contained the following spells:

 Spells                   Type           Power      Damage    Failure   Level
 Foxfire                  Conj/Fire      24%        2x1d5     12%         1
 Conjure Flame            Conj/Fire      6%         6-21      34%         3
 Dazzling Flash           Conj/Hex       12%        N/A       34%         3
 Inner Flame              Hex/Fire       1%         N/A       58%         3
 Fulminant Prism          Conj/Hex       3%         3d6       75%         4
 Iskenderun's Mystic Bla  Conj/Tloc      6%         2d4       75%         4

Inventory:

Armour
 a - a +0 robe (worn)
Scrolls
 b - 2 scrolls of vulnerability {unknown}
 c - 2 scrolls of identify {unknown}
 d - a scroll of silence {unknown}
 g - a scroll of immolation {unknown}
 h - a scroll of noise {unknown}
 i - a scroll of brand weapon {unknown}
Potions
 e - 3 potions of lignification {unknown}
 f - a potion of degeneration {unknown}

Dungeon Overview and Level Annotations

Branches:
Dungeon (2/15)

Altars:

Annotations:
D:2 Sigmund

▒.▒▒...▒▒
▒▒▒.▒▒▒▒▒.▒.....▒▒
........▒........▒
.▒.▒▒.▒▒▒.▒........▒
......†............▒
▒▒.▒▒.▒.▒.........▒▒
▒ ▒@▒▒▒▒▒▒...▒▒ ▒.▒
▒▒▒.▒ ▒n▒ ▒£....@..
▒▒ ▒.▒ ▒▒▒▒▒..▒▒ ▒..
▒ ▒.▒ ▒ ▒...▒.▒.▒
......▒.▒
........▒▒▒▒▒..▒
........<.......
▒...▒▒▒▒▒▒▒▒▒..▒ ▒..


You could see Sigmund (fast).


Message History

You add the spells Foxfire, Conjure Flame and Inner Flame to your library.
There are no items here.
A hobgoblin comes into view.
The magic dart hits the hobgoblin.
The hobgoblin is moderately wounded.
The hobgoblin shouts!
The magic dart hits the hobgoblin.
The hobgoblin is almost dead.
The magic dart hits the hobgoblin but does no damage.
The hobgoblin is almost dead.
The magic dart hits the hobgoblin.
You kill the hobgoblin!
You start resting.
Magic restored.
Found 5 gold pieces.
Sigmund the Dreaded comes into view.
He is wielding a +0 scythe.
Sigmund shouts!
Sigmund drinks a potion.
Sigmund seems to speed up.
Sigmund says, "Now you see me, now you don't..."
Sigmund hits you from afar with a +0 scythe.
Sigmund points at you and mumbles some strange words.
You are confused.
Sigmund hits you with a +0 scythe!
Ouch! That really hurt!
* * * LOW HITPOINT WARNING * * *
Sigmund gestures at you while chanting. You resist with significant effort.
Sigmund hits you from afar with a +0 scythe.
You die...

Action                   || total
-------------------------++-------
Melee: Unarmed           ||    18
 Cast: Magic Dart        ||    34
Armor: Robe              ||     2
Dodge: Dodged            ||     7

Levels and vault maps discovered:
D:1:      nicolae_arrival_washed_ashore, layout_basic,
          shapermc_ecumenical_altar_flowoftime
D:2:      layout_loops_ring, uniq_sigmund

Notes
Turn   | Place    | Note
-------+----------+-------------------------------------------
     0 | D:1      | sanka the Ghoul Conjurer began the quest for the Orb.
     0 | D:1      | Reached XP level 1. HP: 14/14 MP: 2/2
   113 | D:1      | Found a faded altar of an unknown god.
   131 | D:1      | Reached skill level 2 in Spellcasting
   210 | D:1      | Reached XP level 2. HP: 18/20 MP: 0/4
   446 | D:1      | HP: 1/20 [quokka (4)]
  1134 | D:1      | Learned a level 2 spell: Searing Ray
  1253 | D:2      | Noticed Sigmund
  1267 | D:2      | Slain by Sigmund

Vanquished Creatures
  A bat (D:1)
  5 endoplasms (D:1)
  2 hobgoblins
  2 quokkas (D:1)
  2 ball pythons (D:1)
  2 frilled lizards (D:1)
  3 kobolds (D:1)
  A rat (D:1)
18 creatures vanquished.

Vanquished Creatures (others)
  4 withered plants (D:1)
4 creatures vanquished.

Grand Total: 22 creatures vanquished
